TOP OF THE 1ST |
Madison Bombers batting - Pitching for Seattle Pikes : RHP Jesús Suárez
|
Pitching: RHP Jesús Suárez
|
|
Batting: RHB Guo-xiu Choi
|
0-0: Called Strike 0-1: Bunted foul 0-2: Ground out 4-3 (Groundball, 4)
|
Batting: RHB Alonso Holguín
|
0-0: Foul Ball, location: 2F 0-1: Ball 1-1: Called Strike 1-2: Ball 2-2: Strikes out swinging
|
Batting: LHB Seung-chun Mun
|
0-0: Ball 1-0: Foul Ball, location: 2F 1-1: Foul Ball, location: 2F 1-2: Foul Ball, location: 2F 1-2: Fly out, F1 (Popup, 25)
|
Top of the 1st over - 0 run(s), 0 hit(s), 0 error(s), 0 left on base; Madison 0 - Seattle 0 |
BOTTOM OF THE 1ST |
Seattle Pikes batting - Pitching for Madison Bombers : RHP Claudio Segura
|
Pitching: RHP Claudio Segura
|
|
Batting: RHB Alfredo Rivera
|
0-0: Called Strike 0-1: Foul Ball, location: 2F 0-2: Strikes out swinging
|
Batting: LHB Richard Hunter
|
0-0: Ball 1-0: Called Strike 1-1: Ball 2-1: Foul Ball, location: 2F 2-2: Foul Ball, location: 2F 2-2: Strikes out swinging
|
Batting: RHB António Ortega
|
0-0: Ball 1-0: Foul Ball, location: 2F 1-1: Foul Ball, location: 2F 1-2: Ball 2-2: DOUBLE (Flyball, 89D)
|
Batting: RHB Manuel Rico
|
0-0: Ball 1-0: Foul Ball, location: 2F 1-1: Ball 2-1: Swinging Strike 2-2: Foul Ball, location: 2F 2-2: Ground out 6-3 (Groundball, 6)
|
Bottom of the 1st over - 0 run(s), 1 hit(s), 0 error(s), 1 left on base; Madison 0 - Seattle 0 |
TOP OF THE 2ND |
Madison Bombers batting - Pitching for Seattle Pikes : RHP Jesús Suárez
|
Batting: RHB Vicente Aguirre
|
0-0: Ball 1-0: Ball 2-0: Foul Ball, location: 2F 2-1: Foul Ball, location: 2F 2-2: Ground out 4-3 (Groundball, 4M)
|
Batting: LHB Mike Callahan
|
0-0: Ball 1-0: Ground out 5-3 (Groundball, 15S)
|
Batting: RHB Sergio Márquez
|
0-0: Swinging Strike 0-1: Fly out, F7 (Line Drive, 7M)
|
Top of the 2nd over - 0 run(s), 0 hit(s), 0 error(s), 0 left on base; Madison 0 - Seattle 0 |
BOTTOM OF THE 2ND |
Seattle Pikes batting - Pitching for Madison Bombers : RHP Claudio Segura
|
Batting: LHB Jesús Núñez
|
0-0: Called Strike 0-1: Ball 1-1: Ball 2-1: DOUBLE (Groundball, 5L)
|
Batting: RHB Jesús Torres
|
0-0: Ball 1-0: Called Strike 1-1: Ball 2-1: Ground out 1-3 (Groundball, 15)
|
Batting: RHB Wallace Greene
|
0-0: Ball 1-0: SINGLE (Flyball, 9S) Jesús Núñez to third Runner from 3rd tries for Home, SAFE, throw made home Wallace Greene to second
|
Batting: LHB Keith Tillman
|
0-0: Called Strike 0-1: Ball 1-1: Called Strike 1-2: Foul Ball, location: 2F 1-2: Ball Passed Ball! Wallace Greene to third 2-2: Ground out 4-3 (Groundball, 4) Wallace Greene scores
|
Batting: RHB Iván Gonzáles
|
0-0: SINGLE (Groundball, 34D)
|
Batting: RHB Alfredo Rivera
|
0-0: Ground out 1-3 (Groundball, 23)
|
Bottom of the 2nd over - 2 run(s), 3 hit(s), 0 error(s), 1 left on base; Madison 0 - Seattle 2 |
TOP OF THE 3RD |
Madison Bombers batting - Pitching for Seattle Pikes : RHP Jesús Suárez
|
Batting: LHB Sixto Cantú
|
0-0: Foul Ball, location: 2F 0-1: Ball 1-1: Fly out, F5 (Popup, 5L)
|
Batting: SHB Dave MacThomas
|
0-0: SINGLE (Line Drive, 8LS)
|
Batting: RHB Quinton Martínez
|
0-0: Grounds into double play, 6-4-3 (Groundball, 6)
|
Top of the 3rd over - 0 run(s), 1 hit(s), 0 error(s), 0 left on base; Madison 0 - Seattle 2 |
BOTTOM OF THE 3RD |
Seattle Pikes batting - Pitching for Madison Bombers : RHP Claudio Segura
|
Batting: LHB Richard Hunter
|
0-0: Ball 1-0: Swinging Strike 1-1: Ball 2-1: Called Strike 2-2: Foul Ball, location: 2F 2-2: Foul Ball, location: 2F 2-2: Ball 3-2: Base on Balls
|
Batting: RHB António Ortega
|
0-0: Ball 1-0: Ball 2-0: DOUBLE (Groundball, 5L) Richard Hunter to third
|
Batting: RHB Manuel Rico
|
0-0: Swinging Strike 0-1: 3-RUN HOME RUN (Line Drive, 78XD), Distance : 447 ft
|
Batting: LHB Jesús Núñez
|
0-0: Fly out, F2 (Popup, 23F)
|
Batting: RHB Jesús Torres
|
0-0: Ball 1-0: Foul Ball, location: 2F 1-1: Fly out, F7 (Flyball, 7LMF)
|
Batting: RHB Wallace Greene
|
0-0: Swinging Strike 0-1: Ball 1-1: Ball 2-1: Ground out 5-3 (Groundball, 56S)
|
Bottom of the 3rd over - 3 run(s), 2 hit(s), 0 error(s), 0 left on base; Madison 0 - Seattle 5 |
TOP OF THE 4TH |
Madison Bombers batting - Pitching for Seattle Pikes : RHP Jesús Suárez
|
Batting: RHB Guo-xiu Choi
|
0-0: SINGLE (Line Drive, 4D)
|
Batting: RHB Alonso Holguín
|
0-0: Called Strike 0-1: Called Strike 0-2: Foul Ball, location: 2F 0-2: Ball 1-2: SINGLE (Groundball, 56) Guo-xiu Choi to second
|
Batting: LHB Seung-chun Mun
|
0-0: Ball 1-0: Ball 2-0: Ground out U3 (Groundball, 3S) Guo-xiu Choi to third Alonso Holguín to second
|
Batting: RHB Vicente Aguirre
|
0-0: Called Strike 0-1: Ball 1-1: Ball 2-1: Swinging Strike 2-2: Strikes out swinging
|
Batting: LHB Mike Callahan
|
0-0: Ball 1-0: Called Strike 1-1: Ball 2-1: Ground out 2-3 (Groundball, 15S)
|
Top of the 4th over - 0 run(s), 2 hit(s), 0 error(s), 2 left on base; Madison 0 - Seattle 5 |
BOTTOM OF THE 4TH |
Seattle Pikes batting - Pitching for Madison Bombers : RHP Claudio Segura
|
Batting: LHB Keith Tillman
|
0-0: Called Strike 0-1: Fly out, F8 (Flyball, 8RD)
|
Batting: RHB Iván Gonzáles
|
0-0: Ground out 5-3 (Groundball, 5)
|
Batting: RHB Alfredo Rivera
|
0-0: Ball 1-0: Ball 2-0: Ball 3-0: Called Strike 3-1: Base on Balls
|
Batting: LHB Richard Hunter
|
0-0: Ball 1-0: Foul Ball, location: 2F 1-1: Ball 2-1: Foul Ball, location: 2F 2-2: Foul Ball, location: 2F 2-2: Ground out U3 (Groundball, 3)
|
Bottom of the 4th over - 0 run(s), 0 hit(s), 0 error(s), 1 left on base; Madison 0 - Seattle 5 |
TOP OF THE 5TH |
Madison Bombers batting - Pitching for Seattle Pikes : RHP Jesús Suárez
|
Batting: RHB Sergio Márquez
|
0-0: Foul Ball, location: 2F 0-1: Ball 1-1: Foul Ball, location: 2F 1-2: Ball 2-2: Ball 3-2: Ground out 6-3 (Groundball, 6)
|
Batting: LHB Sixto Cantú
|
0-0: Ball 1-0: Swinging Strike 1-1: Foul Ball, location: 2F 1-2: Ball 2-2: Foul Ball, location: 2F 2-2: Ground out U3 (Groundball, 3)
|
Batting: SHB Dave MacThomas
|
0-0: Called Strike 0-1: Ball 1-1: Ground out 1-3 (Groundball, 23)
|
Top of the 5th over - 0 run(s), 0 hit(s), 0 error(s), 0 left on base; Madison 0 - Seattle 5 |
BOTTOM OF THE 5TH |
Seattle Pikes batting - Pitching for Madison Bombers : RHP Claudio Segura
|
Batting: RHB António Ortega
|
0-0: Ball 1-0: Foul Ball, location: 2F 1-1: Foul Ball, location: 2F 1-2: Ground out 5-3 (Groundball, 5)
|
Batting: RHB Manuel Rico
|
0-0: Ball 1-0: Called Strike 1-1: Ball 2-1: Called Strike 2-2: Foul Ball, location: 2F 2-2: SINGLE (Line Drive, 78S)
|
Batting: LHB Jesús Núñez
|
0-0: Ball 1-0: Called Strike 1-1: Ball 2-1: Fly out, F6 (Popup, 6D)
|
Batting: RHB Jesús Torres
|
0-0: Ball 1-0: Fly out, F7 (Flyball, 7M)
|
Bottom of the 5th over - 0 run(s), 1 hit(s), 0 error(s), 1 left on base; Madison 0 - Seattle 5 |
TOP OF THE 6TH |
Madison Bombers batting - Pitching for Seattle Pikes : RHP Jesús Suárez
|
Batting: RHB Quinton Martínez
|
0-0: Ball 1-0: Swinging Strike 1-1: Called Strike 1-2: Ball 2-2: Strikes out swinging
|
Batting: RHB Guo-xiu Choi
|
0-0: Swinging Strike 0-1: Foul Ball, location: 2F 0-2: Ball 1-2: Fly out, F9 (Flyball, 89D)
|
Batting: RHB Alonso Holguín
|
0-0: Called Strike 0-1: Swinging Strike 0-2: Ground out 4-3 (Groundball, 34)
|
Top of the 6th over - 0 run(s), 0 hit(s), 0 error(s), 0 left on base; Madison 0 - Seattle 5 |
BOTTOM OF THE 6TH |
Seattle Pikes batting - Pitching for Madison Bombers : RHP Claudio Segura
|
Pitching: RHP Arturo Leal
|
|
Batting: RHB Wallace Greene
|
0-0: Called Strike 0-1: Fly out, F4 (Popup, 34D)
|
Batting: LHB Keith Tillman
|
0-0: Fly out, F7 (Flyball, 78M)
|
Batting: RHB Iván Gonzáles
|
0-0: Ground out 5-3 (Groundball, 5L)
|
Bottom of the 6th over - 0 run(s), 0 hit(s), 0 error(s), 0 left on base; Madison 0 - Seattle 5 |
TOP OF THE 7TH |
Madison Bombers batting - Pitching for Seattle Pikes : RHP Jesús Suárez
|
Batting: LHB Seung-chun Mun
|
0-0: Ball 1-0: Called Strike 1-1: Foul Ball, location: 2F 1-2: Foul Ball, location: 2F 1-2: SINGLE (Line Drive, 4)
|
Pitching: RHP Rodrigo Aguilar
|
|
Batting: RHB Vicente Aguirre
|
0-0: Called Strike 0-1: Foul Ball, location: 2F 0-2: Strikes out swinging
|
Batting: LHB Mike Callahan
|
0-0: Ball 1-0: Ball 2-0: SINGLE (Groundball, 34D) Seung-chun Mun to second Runner from 2nd tries for 3rd, SAFE, throw made to third
|
Batting: RHB Sergio Márquez
|
Pickoff Throw to First - Out! 0-0: Ball 1-0: SINGLE (Groundball, 6M) Seung-chun Mun scores
|
Batting: LHB Sixto Cantú
|
0-0: Swinging Strike 0-1: Swinging Strike 0-2: Ball 1-2: Strikes out looking
|
Top of the 7th over - 1 run(s), 3 hit(s), 0 error(s), 1 left on base; Madison 1 - Seattle 5 |
BOTTOM OF THE 7TH |
Seattle Pikes batting - Pitching for Madison Bombers : RHP Arturo Leal
|
Batting: RHB Alfredo Rivera
|
0-0: Ball 1-0: Swinging Strike 1-1: Swinging Strike 1-2: Foul Ball, location: 2F 1-2: Ground out U3 (Groundball, 3)
|
Batting: LHB Richard Hunter
|
0-0: Foul Ball, location: 2F 0-1: Fly out, F3 (Line Drive, 3)
|
Batting: RHB António Ortega
|
0-0: Called Strike 0-1: Ball 1-1: Called Strike 1-2: Ball 2-2: Foul Ball, location: 2F 2-2: Ball 3-2: Strikes out swinging
|
Bottom of the 7th over - 0 run(s), 0 hit(s), 0 error(s), 0 left on base; Madison 1 - Seattle 5 |
TOP OF THE 8TH |
Madison Bombers batting - Pitching for Seattle Pikes : RHP Rodrigo Aguilar
|
Batting: SHB Dave MacThomas
|
0-0: Ball 1-0: Ball 2-0: Ground out 6-3 (Groundball, 6)
|
Batting: RHB Quinton Martínez
|
0-0: Fly out, F5 (Line Drive, 56)
|
Batting: RHB Guo-xiu Choi
|
0-0: Called Strike 0-1: Foul Ball, location: 2F 0-2: Strikes out looking
|
Top of the 8th over - 0 run(s), 0 hit(s), 0 error(s), 0 left on base; Madison 1 - Seattle 5 |
BOTTOM OF THE 8TH |
Seattle Pikes batting - Pitching for Madison Bombers : RHP Arturo Leal
|
Pitching: RHP Bill Bygrove
|
|
Batting: RHB Manuel Rico
|
0-0: Ball 1-0: Ball 2-0: Ball 3-0: Called Strike 3-1: Fly out, F4 (Line Drive, 4)
|
Batting: LHB Jesús Núñez
|
0-0: Ball 1-0: Ball 2-0: Called Strike 2-1: Foul Ball, location: 2F 2-2: SINGLE (Line Drive, 34)
|
Batting: RHB Jesús Torres
|
0-0: Ball 1-0: Swinging Strike 1-1: Called Strike 1-2: Grounds into double play, 4-6-3 (Groundball, 4)
|
Bottom of the 8th over - 0 run(s), 1 hit(s), 0 error(s), 0 left on base; Madison 1 - Seattle 5 |
TOP OF THE 9TH |
Madison Bombers batting - Pitching for Seattle Pikes : RHP Rodrigo Aguilar
|
Batting: RHB Alonso Holguín
|
0-0: Foul Ball, location: 2F 0-1: Ball 1-1: Ball 2-1: Ground out 2-3 (Groundball, 25)
|
Batting: LHB Seung-chun Mun
|
0-0: Called Strike 0-1: Swinging Strike 0-2: Foul Ball, location: 2F 0-2: Ball 1-2: Strikes out swinging
|
Batting: RHB Vicente Aguirre
|
0-0: Ball 1-0: Foul Ball, location: 2F 1-1: Called Strike 1-2: Strikes out swinging
|
Top of the 9th over - 0 run(s), 0 hit(s), 0 error(s), 0 left on base; Madison 1 - Seattle 5 |
|